 Dungeon Sprint DCSS version 0.27-a0-416-gca2cecf3c0 (webtiles) character file.

Game seed: 4847213998842869602

9 Gaff the Cudgeller (level 2, -1/28 HPs)
             Began as a Minotaur Berserker on Feb 25, 2021.
             Was a Follower of Trog.
             Killed from afar by an oklob sapling (8 damage)
             ... with a splash of acid
             ... in the Dungeon (Sprint IV: "Fedhas' Mad Dash").
             The game lasted 00:00:41 (472 turns).

Gaff the Cudgeller (Minotaur Berserker)              Turns: 472, Time: 00:00:41

Health: -1/28      AC:  2    Str: 21    XL:     2   Next: 6%
Magic:  1/1        EV: 12    Int:  4    God:    Trog [*.....]
Gold:   0          SH:  0    Dex:  9    Spells: 1/1 levels left

rFire    . . .     SeeInvis .   a - +0 mace
rCold    . . .     Faith    .   (no shield)
rNeg     . . .     Spirit   .   b - +0 animal skin
rPois    .         Reflect  .   (helmet restricted)
rElec    .         Harm     .   (no cloak)
rCorr    .         Rampage  .   (no gloves)
Will     .....     NoTele   +   (no boots)
Stlth    +.........             (no amulet)
HPRegen  0.09/turn              (no ring)
MPRegen  0.07/turn              (no ring)

@: no status effects
A: retaliatory headbutt, horns 2
a: Renounce Religion, Berserk


You were in the Dungeon.
You worshipped Trog.
Trog was aware of your devotion.
You visited 1 branch

Inventory:

Hand Weapons
 a - a +0 mace (weapon)
Armour
 b - a +0 animal skin (worn)
Scrolls
 h - a scroll of blinking
 i - a scroll of enchant armour {unknown}
Potions
 c - a potion of curing
 d - a potion of heal wounds
 e - a potion of haste
 f - 2 potions of magic
 g - a potion of berserk rage


   Skills:
 + Level 4.7 Fighting
 + Level 4.8 Maces & Flails
 + Level 2.9 Armour
 + Level 2.6 Dodging


You had one spell level left.
You didn't know any spells.
Your spell library was empty.

Dungeon Overview and Level Annotations

Branches:
Dungeon (1/1)

Altars:

Annotations:
D exclusion: oklob sapling


Innate Abilities, Weirdness & Mutations

You reflexively headbutt those who attack you in melee.
You have a pair of horns on your head.


Message History

You are no longer berserk.
You are exhausted.
You feel yourself slow down.
You start resting.
You feel yourself speed up.
You start resting.
You recover from your berserk rage.
You start resting.
HP restored.
You open the door.
There is an open door here.
You see here a scroll labelled QIGIES RAHEBE.
You hit the rat.
The rat is severely wounded.
The rat barely misses you. You furiously retaliate!
You headbutt the rat, but do no damage. You thump the rat!
You kill the rat!
Trog accepts your kill.
i - a scroll labelled QIGIES RAHEBE You open the door.
An oklob sapling comes into view.
The oklob sapling spits acid at you. The splash of acid hits you!
You are splashed with acid!
* * * LOW HITPOINT WARNING * * *
Marking area around an oklob sapling as unsafe for travelling.
Found 37 gold pieces.
You close the door.
You start resting.
HP restored.
You open the door. The oklob sapling spits acid at you.
The splash of acid hits you!
Ouch! That really hurt!
You are splashed with acid.
* * * LOW HITPOINT WARNING * * *
There is an open door here.
The oklob sapling spits acid at you. The splash of acid hits you!
You die...

##################
#<..P#.....#@$$$$#
#PP..'.....'.#[$.+
#PPPP#.....#P# ..#
############## ##


You could see an oklob sapling.

Vanquished Creatures
  A river rat (D)
  A rat (D)
2 creatures vanquished.

Notes
Turn   | Place    | Note
-------+----------+-------------------------------------------
     0 | D        | Gaff the Minotaur Berserker began the quest for the Orb.
     0 | D        | Reached XP level 1. HP: 19/19 MP: 0/0
    15 | D        | Reached XP level 2. HP: 15/28 MP: 1/1
   213 | D        | Noticed an oklob sapling
   472 | D        | Killed from afar by an oklob sapling

Illustrated notes

Levels and vault maps discovered:
D:        dungeon_sprint_fedhas [sprint_temple]

Skill      XL: |  1 |
---------------+----+-----
Fighting       | 4 |  4.7
Maces & Flails | 4 |  4.8
Armour         | |  2.9
Dodging        | |  2.6

Action                   || total
-------------------------++-------
Melee: Mace              ||     7
Invok: Berserk           ||     1
Dodge: Dodged            ||     2

Table legend: (Time is in decaauts)
 A = Elapsed time spent in this place.
 B = Non-inter-level travel time spent in this place.
 C = Inter-level travel time spent in this place.
 D = Time resting spent in this place.
 E = Time spent auto-exploring this place.
 F = Levels seen in this place.
 G = Mean time per level.
                   A        B        C        D        E       F      G
               +--------+--------+--------+--------+--------+-----+--------+
         Total |    481 |    481 |      0 |    444 |      0 |   1 |  481.0 |
       Dungeon |    481 |    481 |      0 |    444 |      0 |   1 |  481.0 |
               +--------+--------+--------+--------+--------+-----+--------+

Top non-repeatable levels by time:
       D: 481 daAuts
